 Dungeon Crawl Stone Soup version 0.29.0-4-gdea44cf6ec (webtiles) character file.

Game seed: 4958002401989283041

93 qw the Chopper (level 4, -3/26 HPs)
             Began as a Tengu Warper on Aug 28, 2022.
             Slain by Terence
             ... wielding a +1 trident of protection
              (7 damage)
             ... on level 2 of the Dungeon.
             The game lasted 00:00:09 (1468 turns).

qw the Chopper (Tengu Warper)                       Turns: 1468, Time: 00:00:10

Health: -3/26      AC: 10    Str: 14    XL:     4   Next: 62%
Magic:  7/7        EV:  6    Int: 13    God:
Gold:   76         SH:  5    Dex: 19    Spells: 7/7 levels left

rFire   . . .      SeeInvis .   Y - +2 hand axe
rCold   . . .      Faith    .   j - +0 buckler
rNeg    . . .      Spirit   .   h - +0 chain mail
rPois   .          Reflect  .   (helmet restricted)
rElec   .          Harm     .   (no cloak)
rCorr   .          Rampage  .   (no gloves)
Will    .....                   (boots unavailable)
Stlth   ..........              m - amulet of regeneration
HPRegen 0.88/turn               g - +6 ring of dexterity
MPRegen 0.10/turn               (no ring)

@: no status effects
A: beak, talons 3, horns 1, iridescent scales 1, low MP 1
a: no special abilities


You were on level 2 of the Dungeon.
You visited 1 branch of the dungeon, and saw 2 of its levels.

You collected 76 gold pieces.


Innate Abilities, Weirdness & Mutations

You have a beak for a mouth.
You have claws for feet.
You have a pair of small horns on your head.
You are partially covered in iridescent scales. (AC +2)
Your magical capacity is low. (-10% MP)


   Skills:
 - Level 2.0 Fighting
 + Level 4.6 Axes
 - Level 1.0 Throwing
 - Level 1.1 Armour
 - Level 2.1 Dodging
 - Level 1.7 Shields
 - Level 2.0 Spellcasting
 - Level 2.4 Translocations


You had 7 spell levels left.
You didn't know any spells.
Your spell library contained the following spells:

 Spells                   Type           Power      Damage    Failure   Level
 Blink                    Tloc           14%        N/A       99%         2
 Gell's Gravitas          Tloc           7%         N/A       100%        3
 Lesser Beckoning         Tloc           7%         N/A       100%        3
 Teleport Other           Tloc           7%         N/A       100%        3
 Manifold Assault         Tloc           7%         N/A       100%        5

Inventory:

Hand Weapons
 a - a +0 flail
 Y - a +2 hand axe (weapon)
Armour
 h - a +0 chain mail (worn)
 j - a +0 buckler (worn)
Jewellery
 g - a +6 ring of dexterity (left hand)
 m - an amulet of regeneration (around neck)
Potions
 b - 2 potions of might {unknown}
 d - a potion of berserk rage {unknown}
 i - a potion of curing {unknown}
 k - a potion of mutation
 l - a potion of haste {unknown}
 o - a potion of heal wounds {unknown}

Dungeon Overview and Level Annotations

Branches:
Dungeon (2/15)

Altars:

Annotations:
D:2 Terence


Message History

The worm is moderately wounded.
You slash the worm! Your peck misses the worm.
The worm is severely wounded.
The worm barely misses you.
You hit the worm but do no damage. You claw the worm.
The worm is severely wounded.
The worm bites you.
You hit the worm. You claw the worm.
You headbutt the worm, but do no damage.
The worm is almost dead.
You hit the worm but do no damage.
The worm is almost dead.
The worm bites you.
You barely miss the worm. You claw the worm.
You kill the worm!
You start resting.
HP restored.
Terence the Incautious comes into view.
He is wielding a +1 trident of protection.
Terence shouts!
1454 ||| Stepping ~*~*~tactically~*~*~ (hiding).
You start waiting.
Terence is nearby!
You hit Terence. You headbutt Terence, but do no damage.
Terence is moderately wounded.
Terence hits you with a +1 trident of protection.
You barely miss Terence. Your kick misses Terence.
Terence is moderately wounded.
Terence hits you with a +1 trident of protection.
You hit Terence but do no damage. You headbutt Terence, but do no damage.
Terence is moderately wounded.
Terence hits you with a +1 trident of protection!
You closely miss Terence. You claw Terence, but do no damage.
Terence is moderately wounded.
Terence hits you with a +1 trident of protection!
Terence barely misses you.
You closely miss Terence. You claw Terence, but do no damage.
You headbutt Terence, but do no damage. Your peck misses Terence.
Terence is moderately wounded.
Terence hits you with a +1 trident of protection!
You die...

..........##....
....#.##..#.%....#..
####.....#.##..#.#....#..
.........#.....#.#....#..
..@............#.#....#..
.................#....#.#
.......#.#.#.....#....#..
.......#.#.#.....#...##..
.......#@#.#.....#...##..
... #@.#.###+#.#...###.
....##..........##'####.
.........................
.....##..#.###..#........
...........# #..#........
.........#.###).#........
.........................
####.....#......###.###..


You could see Terence.

Vanquished Creatures
  Natasha (twice) (D:2)
  A worm (D:2)
  A dart slug (D:1)
  2 orcs (D:2)
  A bat (D:1)
  7 endoplasms
  6 hobgoblins (D:1)
  7 kobolds
  A quokka (D:1)
  2 ball pythons (D:1)
  A frilled lizard (D:1)
  A goblin (D:1)
  2 rats
34 creatures vanquished.

Notes
Turn   | Place    | Note
-------+----------+-------------------------------------------
     0 | D:1      | qw the Tengu Warper began the quest for the Orb.
     0 | D:1      | Reached XP level 1. HP: 12/12 MP: 4/4
     0 | D:1      | 0 ||| qw: Version: 0.1-a-89-g26bdef1
     0 | D:1      | 0 ||| qw: Game counter: 2870
     0 | D:1      | 0 ||| qw: Always use a shield: true
     0 | D:1      | 0 ||| qw: God list: Okawaru
     0 | D:1      | 0 ||| qw: Allow faded altars: false
     0 | D:1      | 0 ||| qw: Do Orc after D:15 true
     0 | D:1      | 0 ||| qw: Do second Lair branch before Depths: true
     0 | D:1      | 0 ||| qw: Lair rune preference: random
     0 | D:1      | 0 ||| qw: Plans: Normal
     0 | D:1      | 0 ||| PLANNING D:1-11
    78 | D:1      | 78 ||| Stepping ~*~*~tactically~*~*~ (stealth).
   151 | D:1      | 151 ||| Stepping ~*~*~tactically~*~*~ (stealth).
   154 | D:1      | Reached skill level 3 in Axes
   154 | D:1      | Reached XP level 2. HP: 17/17 MP: 6/6
   184 | D:1      | 184 ||| Stepping ~*~*~tactically~*~*~ (stealth).
   625 | D:1      | 625 ||| DROPPING +0 club.
   695 | D:1      | 695 ||| Stepping ~*~*~tactically~*~*~ (hiding).
   708 | D:1      | Reached XP level 3. HP: 20/21 MP: 7/7
   946 | D:1      | 946 ||| Stepping ~*~*~tactically~*~*~ (stealth).
   950 | D:1      | 950 ||| Stepping ~*~*~tactically~*~*~ (stealth).
  1132 | D:1      | Reached skill level 4 in Axes
  1200 | D:1      | 1200 ||| UPGRADING to +0 chain mail.
  1210 | D:1      | 1210 ||| DROPPING +0 leather armour.
  1211 | D:1      | 1211 ||| UPGRADING to +0 buckler.
  1216 | D:1      | 1216 ||| UPGRADING to amulet of regeneration.
  1221 | D:1      | 1221 ||| UPGRADING to +6 ring of dexterity.
  1222 | D:1      | 1222 ||| READING 2 scrolls labelled CEANEU IPITRULOSS.
  1223 | D:1      | 1223 ||| READING scroll of enchant weapon.
  1223 | D:1      | 1223 ||| ENCHANTING +1 hand axe.
  1224 | D:1      | 1224 ||| READING scroll labelled ZAXAOTI ABYLE.
  1225 | D:1      | 1225 ||| DRINKING 2 sedimented white potions.
  1226 | D:1      | 1226 ||| DRINKING 2 fizzy black potions.
  1226 | D:1      | Gained mutation: You have a pair of small horns on your
                  | head. [potion of mutation]
  1226 | D:1      | Gained mutation: Your magical capacity is low. (-10% MP)
                  | [potion of mutation]
  1226 | D:1      | Gained mutation: You are partially covered in iridescent
                  | scales. (AC +2) [potion of mutation]
  1227 | D:1      | 1227 ||| DRINKING 2 murky clear potions.
  1228 | D:1      | 1228 ||| DROPPING scroll of blinking.
  1229 | D:1      | 1229 ||| DROPPING potion of invisibility.
  1230 | D:1      | 1230 ||| DROPPING potion of attraction.
  1270 | D:2      | Noticed Natasha
  1281 | D:2      | Killed Natasha
  1282 | D:2      | Reached skill level 1 in Shields
  1282 | D:2      | Reached XP level 4. HP: 26/26 MP: 7/7
  1293 | D:2      | Noticed Natasha
  1297 | D:2      | Killed Natasha
  1331 | D:2      | 1331 ||| DROPPING +0 whip.
  1335 | D:2      | Found a faded altar of an unknown god.
  1453 | D:2      | Noticed Terence
  1454 | D:2      | 1454 ||| Stepping ~*~*~tactically~*~*~ (hiding).
  1467 | D:2      | HP: 3/26 [Terence/+1 trident of protection (8)]
  1468 | D:2      | Slain by Terence

Levels and vault maps discovered:
D:1:      dpeg_arrival_radiant, layout_basic, nrook_uturn
D:2:      layout_basic, hellmonk_ecumenical_altar_defaced_shrine, uniq_terence,
          uniq_natasha

Skill      XL: |  1  2  3 |
---------------+----------+-----
Axes           | 3 4 |  4.6
Shields        | 1 |  1.7
Fighting       | |  2.0
Throwing       | |  1.0
Armour         | |  1.1
Dodging        | |  2.1
Spellcasting   | |  2.0
Translocations | |  2.4

Action                   |  1- 3 |  4- 6 || total
-------------------------+-------+-------++-------
Melee: Hand axe          |    49 |    28 ||    77
       Kick              |    11 |    12 ||    23
       Peck              |    10 |     2 ||    12
       Headbutt          |       |     8 ||     8
Throw: Boomerang         |     7 |       ||     7
  Use: Scroll            |     3 |       ||     3
       Potion            |     3 |       ||     3
Armor: Chain mail        |     4 |     5 ||     9
       Leather armour    |     3 |       ||     3
Dodge: Dodged            |    17 |     7 ||    24
Block: Buckler           |       |     5 ||     5

Table legend:
 A = Non-vault XP
 B = Vault XP
 C = Vault XP percentage of total XP
 D = Non-vault monster count
 E = Vault monster count
 F = Vault count percentage of total count
                 A         B        C        D         E       F
            +---------+---------+-------+---------+---------+-------
      Total |      91 |      43 |  32.1 |      31 |       3 |   8.8
            +---------+---------+-------+---------+---------+-------
        D:1 |      45 |       0 |   0.0 |      25 |       0 |   0.0
        D:2 |      46 |      43 |  48.3 |       6 |       3 |  33.3
            +---------+---------+-------+---------+---------+-------
